 Dungeon Crawl Stone Soup version 0.20-a0-441-g89e74e4 (webtiles) character file.

322 M4edhros the Insei (level 6, 0/36 HPs)
             Began as an Octopode Necromancer on Jan 6, 2017.
             Was a Follower of Cheibriados.
             Killed by divine providence
             ... invoked by an orc priest
              (10 damage)
             ... on level 6 of the Dungeon.
             The game lasted 00:10:12 (2399 turns).

M4edhros the Insei (Octopode Necromancer)           Turns: 2399, Time: 00:10:13

Health: 0/36       AC:  1    Str: 16    XL:     6   Next: 47%
Magic:  3/9        EV: 14    Int: 20    God:    Cheibriados [*.....]
Gold:   137        SH:  0    Dex: 22    Spells: 3/9 levels left

rFire  . . .     SeeInvis .       - Unarmed
rCold  . . .     Gourm    .     (no shield)
rNeg   . . .     Faith    .     (helmet restricted)
rPois  .         Spirit   .     (no amulet)
rElec  .         Reflect  .     s - ring of protection from magic
rCorr  .         Harm     .     t - +5 ring of dexterity
MR     +....                    (no ring)
Stlth  ++++......               (no ring)
                                (no ring)
                                (no ring)
                                (no ring)
                                (no ring)

@: mighty, very slightly contaminated, very slow
A: almost no armour, stealthy swim, amphibious, 8 rings, constrict 8, camouflage
1, gelatinous body 1
a: Bend Time, Renounce Religion


You were on level 6 of the Dungeon.
You worshipped Cheibriados.
Cheibriados was aware of your devotion.
You were not hungry.

You visited 2 branches of the dungeon, and saw 7 of its levels.

You collected 137 gold pieces.

Inventory:

Hand Weapons
 q - a +2 mace of crushing
 r - a cursed -2 mace
Missiles
 e - 3 javelins (quivered)
Jewellery
 s - a ring of protection from magic (left tentacle)
 t - a +5 ring of dexterity (right tentacle)
Wands
 u - a wand of clouds (8/9)
Scrolls
 c - a scroll of immolation {unknown}
 d - 3 scrolls of remove curse {unknown}
 i - a scroll of magic mapping {unknown}
 l - 2 scrolls of teleportation {unknown}
 m - a scroll of blinking {unknown}
 n - a scroll of amnesia
 p - a scroll of enchant weapon
Potions
 v - a potion of flight
Books
 a - a book of Necromancy

   Spells                             Type                      Level
   a - Pain                           Necromancy                   1
   b - Animate Skeleton               Necromancy                   1
   c - Vampiric Draining              Necromancy                   3
   d - Regeneration                   Charms/Necromancy            3
   e - Animate Dead                   Necromancy                   4
   f - Control Undead                 Necromancy                   4
 j - a book of Cantrips

   Spells                             Type                      Level
   a - Confusing Touch                Hexes                        1
   b - Animate Skeleton               Necromancy                   1
   c - Summon Small Mammal            Summoning                    1
   d - Apportation                    Translocation                1
Comestibles
 b - 5 bread rations
 f - 11 chunks of flesh
 g - 2 meat rations
 o - a slice of pizza


   Skills:
 - Level 2.0 Dodging
 - Level 2.6 Stealth
 + Level 5.4 Unarmed Combat
 - Level 2.0 Spellcasting
 - Level 2.6 Hexes
 - Level 4.0 Necromancy


You had 3 spell levels left.
You knew the following spells:

 Your Spells              Type           Power        Failure   Level  Hunger
a - Pain                  Necr           ###.         2%          1    #......
b - Animate Skeleton      Necr           N/A          2%          1    #......
c - Regeneration          Chrm/Necr      ##........   21%         3    ###....
d - Confusing Touch       Hex            ##....       6%          1    #......


Dungeon Overview and Level Annotations

Branches:
Dungeon (6/15)             Temple (1/1) D:4

Altars:
Cheibriados
Dithmenos
Elyvilon
Fedhas
Gozag
Hepliaklqana
Kikubaaqudgha
Makhleb
Nemelex Xobeh
Okawaru
Qazlal
Ru
Sif Muna
Trog
Uskayaw
Vehumet
Xom
Yredelemnul
Zin
The Shining One


Innate Abilities, Weirdness & Mutations

You cannot wear most types of armour.
You are very stealthy in the water. (Stealth+)
You are amphibious.
You can wear up to eight rings at the same time.
You can use your tentacles to constrict eight enemies at once.
Your skin changes colour to match your surroundings (Stealth+).
Your rubbery body absorbs attacks. (AC +1, EV +1)


Message History

Your tentacles begin to glow red.
The orc warrior hits you but does no damage.
You tentacle-slap the orc warrior but do no damage.
You grab the orc warrior.
The orc warrior is lightly wounded.
Your skin stops crawling.
You constrict the orc warrior.
Unknown command.
You tentacle-slap the orc warrior but do no damage.
The orc warrior appears confused.
The orc warrior is moderately wounded.
Your tentacles stop glowing.
You constrict the orc warrior, but do no damage.
The orc warrior hits you with a short sword!
* * * LOW HITPOINT WARNING * * *
You release your grip on the orc warrior.
You feel very mighty all of a sudden.
The orc priest calls down the wrath of Beogh upon you.
Beogh smites you!
You die... #.. #.. ### #oo

#<# #.o## #.# o.o.
#.# #o##.o# #.#
#.....#
#.##############o#
#............@ooo#
##################


You could see an orc warrior (confused), an orc priest and 2 orc wizards.

Vanquished Creatures
  A centaur (D:5)
  A crimson imp (D:5)
  Crazy Yiuf (D:3)
  An orc priest (D:6)
  2 worker ants
  A hound skeleton (D:5)
  An adder (D:2)
  7 dart slugs
  3 orcs
  5 bats
  2 giant cockroaches
  6 goblins
  4 hobgoblins
  9 jackals
  4 frilled lizards
  5 kobolds
  A leopard gecko skeleton (D:4)
  A quokka skeleton (D:5)
  8 rats
63 creatures vanquished.

Vanquished Creatures (collateral kills)
  A worm (D:2)
1 creature vanquished.

Grand Total: 64 creatures vanquished

Notes
Turn   | Place    | Note
-------+----------+-------------------------------------------
     0 | D:1      | M4edhros the Octopode Necromancer began the quest for the Orb.
     0 | D:1      | Reached XP level 1. HP: 11/11 MP: 3/3
    80 | D:1      | Reached skill level 1 in Unarmed Combat
   201 | D:2      | Reached XP level 2. HP: 10/17 MP: 5/5
   234 | D:2      | Learned a level 1 spell: Animate Skeleton
   236 | D:2      | Learned a level 1 spell: Confusing Touch
   512 | D:3      | Reached skill level 2 in Unarmed Combat
   699 | D:4      | Found a staircase to the Ecumenical Temple.
   706 | Temple   | Entered the Ecumenical Temple
   713 | Temple   | Became a worshipper of Cheibriados the Contemplative
   979 | D:2      | Found a shadowy altar of Dithmenos.
   980 | D:2      | Found a burning altar of Makhleb.
   986 | D:2      | Reached skill level 1 in Hexes
   986 | D:2      | Reached XP level 3. HP: 9/21 MP: 1/6
  1056 | D:2      | Learned a level 3 spell: Regeneration
  1487 | D:1      | fuckin stupid rng... no items at all, wasted so many turns... no mobs also
  1578 | D:1      | Reached XP level 4. HP: 26/27 MP: 7/7
  1802 | D:1      | Reached * piety under Cheibriados
  1933 | D:3      | Found a runed door.
  1937 | D:3      | Noticed Crazy Yiuf
  1947 | D:3      | Killed Crazy Yiuf
  1947 | D:3      | Reached skill level 3 in Unarmed Combat
  2037 | D:4      | Reached XP level 5. HP: 26/31 MP: 1/8
  2046 | D:4      | nice, 5 dex ring
  2074 | D:4      | wand of clouds
  2173 | D:5      | Entered Level 5 of the Dungeon
  2255 | D:5      | Noticed a centaur
  2263 | D:5      | HP: 1/31 [crimson imp (4)]
  2269 | D:5      | Reached skill level 4 in Unarmed Combat
  2271 | D:5      | Killed a centaur
  2271 | D:5      | Reached skill level 5 in Unarmed Combat
  2271 | D:5      | Reached XP level 6. HP: 3/36 MP: 5/9
  2303 | D:5      | Got a fine centaur barding
  2392 | D:6      | Noticed an orc warrior
  2399 | D:6      | Killed from afar by an orc priest

Vault maps used:
D:1:      minmay_arrival_radiant_lines, kennysheep_pointless_box
D:2:      gammafunk_temple_overflow_pools, patterned_corridor
D:3:      uniq_crazy_yiuf_cottage
D:4:      first_bread, serial_forest, infiniplex_forest_lined_corner,
          infiniplex_forest_straight_4, infiniplex_forest_split,
          infiniplex_forest_lined_2, infiniplex_forest_join,
          infiniplex_forest_clump_cross, infiniplex_forest_lined_3_way
D:6:      uniq_menkaure
Temple:   nicolae_temple_no_exploring_needed

Skill      XL: |  1  2  3  4  5 |
---------------+----------------+-----
Unarmed Combat | 1 2 3 5 |  5.4
Hexes          | 1 2 |  2.6
Dodging        | |  2.0
Stealth        | |  2.6
Spellcasting   | |  2.0
Necromancy     | |  4.0

Action                   |  1- 3 |  4- 6 || total
-------------------------+-------+-------++-------
Melee: Unarmed           |    79 |    73 ||   152
       Constrict         |    25 |    27 ||    52
       Tentacles         |    10 |    23 ||    33
       Punch             |     1 |     4 ||     5
Throw: Javelin           |     3 |       ||     3
 Cast: Pain              |    11 |     2 ||    13
       Animate Skeleton  |     3 |     2 ||     5
       Regeneration      |     3 |     8 ||    11
       Confusing Touch   |     1 |     2 ||     3
  Use: Potion            |     2 |     3 ||     5
       Scroll            |       |     7 ||     7
 Stab: Sleeping          |    10 |     3 ||    13
       Confused          |       |     1 ||     1
  Eat: Chunk             |     3 |     2 ||     5
       Beef jerky        |       |     1 ||     1
Armor: Skin              |    13 |     4 ||    17
Dodge: Dodged            |    42 |    46 ||    88
